 Dungeon Crawl Stone Soup version 0.17.0-26-gececa24 (webtiles) character file.

93 multipassport the Digger (level 4, -1/36 HPs)
             Began as a Draconian Earth Elementalist on Nov 19, 2015.
             Slain by an orc
             ... wielding a +0 hand axe
              (5 damage)
             ... on level 4 of the Dungeon.
             The game lasted 00:13:17 (2765 turns).

multipassport the Digger (DrEE)                     Turns: 2765, Time: 00:13:17

Health: -1/36      AC:  5    Str: 10    XL:     4   Next: 36%
Magic:  3/7        EV: 12    Int: 17    God:
Gold:   48         SH:  0    Dex: 11    Spells: 2 memorised, 4 levels left

rFire  . . .     SeeInvis .     a - 4 stones
rCold  . . .     Clarity  .     (armour unavailable)
rNeg   . . .     SustAt   .     (no shield)
rPois  .         Gourm    .     (helmet restricted)
rElec  .         Spirit   .     (no cloak)
rCorr  .         Warding  .     (no gloves)
rMut   .         Stasis   .     (no boots)
MR     .....                    (no amulet)
Stlth  +.........               (no ring)
                                (no ring)

@: about to teleport, drained, not resistant to hostile enchantments, very
unstealthy
A: unfitting armour, cold-blooded, AC +5
a: no special abilities


You were on level 4 of the Dungeon.
You were hungry.

You visited 1 branch of the dungeon, and saw 4 of its levels.

You collected 48 gold pieces.

Inventory:

Hand Weapons
 g - a +0 club
Missiles
 a - 4 stones (in hand)
 d - 31 arrows
Jewellery
 e - an uncursed ring of protection from fire {unknown}
 p - an uncursed ring of sustain attributes {unknown}
 s - an uncursed ring of protection from fire {unknown}
Wands
 f - a wand of polymorph (14)
Scrolls
 h - 3 scrolls of identify
 k - 2 scrolls of teleportation
 m - a scroll of fog {unknown}
Potions
 i - a potion of experience {unknown}
 j - a potion of curing {unknown}
 l - a potion of might {unknown}
 q - a potion of magic {unknown}
Books
 b - a book of Geomancy

   Spells                             Type                      Level
   a - Sandblast                      Earth                        1
   b - Stoneskin                      Transmutation/Earth          2
   c - Passwall                       Transmutation/Earth          3
   d - Stone Arrow                    Conjuration/Earth            3
   e - Petrify                        Transmutation/Earth          4
   f - Lee's Rapid Deconstruction     Earth                        5
Comestibles
 c - a bread ration
 n - a slice of pizza
 o - a royal jelly
 r - a chunk of flesh


   Skills:
 + Level 1.8(0.8) Fighting
 + Level 3.0(2.0) Dodging
 - Level 1.7(0.7) Stealth
 + Level 2.4(1.4) Spellcasting
 + Level 1.1(0.1) Transmutations
 + Level 3.5(2.5) Earth Magic


You had 4 spell levels left.
You knew the following spells:

 Your Spells              Type           Power        Failure   Level  Hunger
a - Sandblast             Erth           #.....       10%         1    ##.....
b - Stoneskin             Trmt/Erth      #.......     21%         2    ###....


Dungeon Overview and Level Annotations

Branches:
Dungeon (4/15)
 Temple: D:4-7

Altars:
Ashenzari
Cheibriados
Elyvilon

Annotations:
D:2 Terence
D:3 dadoka's ghost, amateur DsFi
D:4 Menkaure


Innate Abilities, Weirdness & Mutations

Your plain brown scales are hard (AC +5).
Your body does not fit into most forms of armour.
You are cold-blooded and may be slowed by cold attacks.


Message History

An orc comes into view. It is wielding a mace.
Read which item? (? for menu, Esc to quit)
As you read the scroll of teleportation, it crumbles to dust.
You feel strangely unstable. The adder closely misses you.
The worker ant bites you but does no damage.
The orc barely misses you. The adder closely misses you.
The orc wizard hits you but does no damage.
There are monsters nearby!
The worker ant bites you but does no damage.
The adder bites you but does no damage. The orc closely misses you.
The orc wizard closely misses you.
You feel sick.
You are no longer poisoned.
The worker ant bites you!
* * * LOW HITPOINT WARNING * * *
The adder bites you but does no damage.
The orc wizard hits you but does no damage.
The worker ant closely misses you. The adder barely misses you.
The orc hits you with a hand axe.
You die...

#####.....##..8.8.
...........# ####
####.......#
#.......#
#..o....#
#....l..#
#..ooM..#
#...oaS.#
##..o@.## #######


You could see Menkaure, a worker ant, 2 orc priests, an orc wizard, an adder, 2
orcs and a giant newt.

Vanquished Creatures
  5 adders (D:2)
  A worm (D:2)
  A giant gecko (D:2)
  3 giant cockroaches
  3 goblins
  9 hobgoblins
  6 jackals (D:1)
  4 kobolds
  5 bats
  A giant newt (D:1)
  4 rats
42 creatures vanquished.

Notes
Turn   | Place    | Note
--------------------------------------------------------------
     0 | D:1      | multipassport the Draconian Earth Elementalist began the quest for the Orb.
     0 | D:1      | Reached XP level 1. HP: 14/14 MP: 3/3
   406 | D:1      | Reached XP level 2. HP: 20/22 MP: 0/5
   476 | D:1      | Reached skill level 1 in Fighting
  1210 | D:2      | Reached XP level 3. HP: 26/28 MP: 0/6
  1424 | D:2      | Learned a level 2 spell: Stoneskin
  1667 | D:2      | Reached XP level 4. HP: 20/35 MP: 2/7
  1855 | D:2      | Noticed Terence
  2167 | D:2      | Found a shattered altar of Ashenzari.
  2518 | D:3      | Found a white marble altar of Elyvilon.
  2706 | D:3      | Found a snail-covered altar of Cheibriados.
  2713 | D:3      | Noticed dadoka's ghost (amateur DsFi)
  2740 | D:4      | Noticed Menkaure
  2765 | D:4      | Slain by an orc

Action                   |  1- 3 |  4- 6 || total
-------------------------+-------+-------++-------
Melee: Unarmed           |    55 |       ||    55
       Club              |    70 |    33 ||   103
 Cast: Sandblast         |    54 |    20 ||    74
       Stoneskin         |       |     3 ||     3
  Use: Scroll            |       |     2 ||     2
 Stab: Sleeping          |     1 |       ||     1
  Eat: Chunk             |     4 |     4 ||     8
